 Dungeon Crawl Stone Soup version 0.18-a0-1745-gffa9a88 (webtiles) character file.

22 Shizoidos the Skirmisher (level 2, 0/24 HPs)
             Began as a Demonspawn Abyssal Knight on Apr 11, 2016.
             Was a Follower of Lugonu.
             Slain by an adder (2 damage)
             ... on level 2 of the Dungeon.
             The game lasted 00:01:57 (635 turns).

Shizoidos the Skirmisher (Demonspawn Abyssal Knight) Turns: 635, Time: 00:01:58

Health: 0/24       AC:  4    Str: 12    XL:     2   Next: 68%
Magic:  4/4        EV: 11    Int: 13    God:    Lugonu [*.....]
Gold:   38         SH:  0    Dex: 12    Spells: 0 memorised, 1 level left

rFire  . . .     SeeInvis .     a - +1 hand axe
rCold  . . .     Gourm    .     b - +0 leather armour
rNeg   . . .     Faith    .     (no shield)
rPois  .         Spirit   .     (no helmet)
rElec  .         Dismiss  .     (no cloak)
rCorr  .         Reflect  .     (no gloves)
SustAt .         Harm     .     (no boots)
MR     .....                    (no amulet)
Stlth  +.........               (no ring)
                                (no ring)

@: lethally poisoned (0 -> -6), not resistant to hostile enchantments, very
unstealthy
A: rugged brown scales 1
a: Depart the Abyss, Renounce Religion


You were on level 2 of the Dungeon.
You worshipped Lugonu.
Lugonu was aware of your devotion.
You were not hungry.

You visited 1 branch of the dungeon, and saw 2 of its levels.
You visited the Abyss 1 time.

You collected 38 gold pieces.

Inventory:

Hand Weapons
 a - a +1 hand axe (weapon)
Armour
 b - a +0 leather armour (worn)
Jewellery
 f - an uncursed amulet of regeneration {unknown}
Scrolls
 e - a scroll of recharging {unknown}
 h - 3 scrolls of remove curse {unknown}
 i - 3 scrolls of identify {unknown}
 k - a scroll of enchant armour {unknown}
 m - a scroll of noise {unknown}
 n - a scroll of immolation {unknown}
Potions
 g - 2 potions of heal wounds {unknown}
 j - a potion of flight {unknown}
 l - 3 potions of curing {unknown}
Comestibles
 c - a bread ration
 d - a beef jerky


   Skills:
 + Level 3.4 Fighting
 + Level 2.1 Axes
 * Level 1.9 Armour
 - Level 1.0 Dodging
 - Level 2.8 Invocations


You had one spell level left.
You didn't know any spells.

Dungeon Overview and Level Annotations

Branches:
Dungeon (2/15)

Altars:
Vehumet


Innate Abilities, Weirdness & Mutations

You are partially covered in rugged brown scales (AC +1, +3% HP).


Message History

You are too injured to fight recklessly!
You are too injured to fight recklessly!
You are too injured to fight recklessly!
You are too injured to fight recklessly!
You are too injured to fight recklessly!
You are too injured to fight recklessly!
You are too injured to fight recklessly!
You are too injured to fight recklessly!
You are too injured to fight recklessly!
You are too injured to fight recklessly!
You are too injured to fight recklessly!
You are too injured to fight recklessly!
You are too injured to fight recklessly!
You are too injured to fight recklessly!
You are too injured to fight recklessly!
You aren't in the Abyss!
* * * LOW HITPOINT WARNING * * *
You feel sick. The adder bites you.
You die...

#..# #.................
#.. #...........##.... #..
#...........##.... ##.
#.....(.....##....
##'###...).###....
##.#####.......... #...#
#.....####. . ######...#
#.....####.
#..#.....@..####........#.
........S......#..#####.#.
........#...#..#..# #...##
...[.%.###.###.##.# #.####
....... #...# .##># #.....
.........._....#### #####.
........#...#..# ######.
.......###.###.. ........
.####.. ... .# ######.#


You could see an adder.

Vanquished Creatures
  2 giant cockroaches (D:1)
  5 goblins
  2 hobgoblins
  A jackal (D:1)
  A ball python (D:2)
  4 bats
  2 giant newts
  A kobold (D:1)
  2 rats
20 creatures vanquished.

Notes
Turn   | Place    | Note
--------------------------------------------------------------
     0 | Abyss:1  | Shizoidos the Demonspawn Abyssal Knight began the quest for the Orb.
     0 | Abyss:1  | Reached XP level 1. HP: 18/18 MP: 2/2
     0 | D:1      | Escaped the Abyss
   254 | D:1      | Reached * piety under Lugonu
   254 | D:1      | Gained mutation: You are partially covered in rugged brown scales (AC +1, +3% HP). [demonic ancestry]
   254 | D:1      | Reached XP level 2. HP: 18/24 MP: 3/3
   510 | D:2      | Reached skill level 1 in Dodging
   616 | D:2      | Found a radiant altar of Vehumet.
   635 | D:2      | Slain by an adder

Vault maps used:
D:1:      minmay_arrival_doors, kennysheep_pointless_box, st_stairs_14,
          serial_bayou_pond_a
D:2:      vehumet_crystals, uniq_robin

Skill      XL: |  1  2 |
---------------+-------+-----
Axes           | 2 |  2.1
Dodging        | 1 |  1.0
Fighting       | |  3.4
Armour         | |  1.9
Invocations    | |  2.8

Action                   || total
-------------------------++-------
Melee: Hand axe          ||    54
Invok: Depart the Abyss  ||     1
 Stab: Sleeping          ||     1
